 Dungeon Crawl Stone Soup version 0.31-a0-1496-g79c7dd0eeb (webtiles) character file.

Game seed: 2657672867643330950

10572 raph the Cleaver (level 11, -4/95 HPs)
             Began as a Hill Orc Fighter on Dec 29, 2023.
             Was a Believer of Qazlal.
             Slain by Fannar
             ... wielding a staff of cold
              (15 damage)
             ... on level 1 of the Lair of Beasts.
             The game lasted 00:12:36 (9675 turns).

raph the Cleaver (Hill Orc Fighter)                 Turns: 9675, Time: 00:12:36

Health: -4/95      AC: 23    Str: 20    XL:     11   Next: 64%
Magic:  1/17       EV:  8    Int:  8    God:    Qazlal [**....]
Gold:   396        SH:  2    Dex: 14    Spells: 10/10 levels left

rFire   . . .        A - +0 battleaxe (flame)
rCold   . . .        (shield currently unavailable)
rNeg    . . .        F - +0 plate armour
rPois   .            f - +0 helmet
rElec   .            (no cloak)
rCorr   .            k - +2 pair of gloves {infuse}
SInv    .            E - +0 pair of boots
Will    +....        (no amulet) Stlth
                     o - +4 ring of protection
HPRegen 0.35/turn    i - ring of willpower
MPRegen 0.15/turn

%: infuse magic (1 MP)
@: no status effects
A: no striking features
a: Renounce Religion, Upheaval


You were on level 1 of the Lair of Beasts.
You worshipped Qazlal.
Qazlal was pleased with you.
You visited 3 branches of the dungeon, and saw 10 of its levels.

You collected 396 gold pieces.

Inventory:

Hand Weapons
 a - a +0 war axe
 A - a +0 battleaxe of flaming (weapon)
 G - the +2 whip of Brawling {pain, Str+3 Int+5}
   (You found it on level 8 of the Dungeon)

   Str+3:     It affects your strength (+3).
   Int+5:     It affects your intelligence (+5).
Missiles
 e - 11 poisoned darts
 j - 3 curare-tipped darts
 v - 5 boomerangs (quivered)
Armour
 b - a +0 scale mail
 c - a +0 buckler
 f - a +0 helmet (worn)
 k - a +2 pair of gloves of infusion (worn)
 C - a +0 chain mail
 E - a +0 pair of boots (worn)
 F - a +0 plate armour (worn)
Jewellery
 i - a ring of willpower (right hand)
 n - a ring of ice
 o - a +4 ring of protection (left hand)
 q - a ring of fire
 u - a +6 ring of intelligence
 w - a +6 ring of intelligence
 x - a ring of see invisible
Talismans
 D - a talisman of death
Scrolls
 p - 2 scrolls of fog
 r - a scroll of poison
 t - a scroll of revelation
 y - 4 scrolls of teleportation
 H - 2 scrolls of brand weapon
Potions
 d - 2 potions of might
 g - 2 potions of attraction
 h - 2 potions of heal wounds
 l - a potion of haste
 m - 2 potions of cancellation
 s - 2 potions of enlightenment
 z - a potion of degeneration {unknown}
 B - a potion of berserk rage


   Skills:
 + Level 8.5 Fighting
 * Level 14.9 Axes
 + Level 5.7 Throwing
 + Level 7.6 Armour
 + Level 5.0 Dodging
 - Level 3.2 Shields
 + Level 8.0 Invocations


You had 10 spell levels left.
You didn't know any spells.
Your spell library contained the following spells:

 Spells                   Type           Power      Damage    Failure   Level
 Ensorcelled Hibernation  Hex/Ice        0%         N/A       100%        2
 Inner Flame              Hex/Fire       0%         N/A       100%        3
 Passwall                 Erth           0%         N/A       100%        3
 Summon Ice Beast         Ice/Summ       0%         N/A       100%        3
 Swiftness                Air            0%         N/A       100%        3
 Flame Wave               Conj/Fire      0%         2d4       100%        4
 Sticky Flame             Fire/Alch      0%         2d4       100%        4
 Summon Mana Viper        Hex/Summ       0%         N/A       100%        5
 Monstrous Menagerie      Summ           0%         N/A       100%        7


Dungeon Overview and Level Annotations

Branches:
Dungeon (8/15)             Temple (1/1) D:4            Lair (1/5) D:8

Altars:
Cheibriados
Dithmenos
Elyvilon
Fedhas
Hepliaklqana
Kikubaaqudgha
Nemelex Xobeh
Okawaru
Qazlal
Ru
Sif Muna
Vehumet
Xom
The Shining One

Shops:
D:8 (

Annotations:
D:7 1 runed translucent door, bmj180's ghost, novice HuCj
Lair:1 Fannar


Message History

You melt the ice beast!
You kill the ice beast!
The ice beast disappears in a puff of smoke!
The ice beast barely misses you.
Fannar casts a spell.
Fannar drains the heat from the surrounding environment!
The plant begins to die.
You closely miss Fannar.
Fannar is heavily wounded.
You barely miss the ice beast.
The ice beast hits you but does no damage.
Fannar hits you but does no damage. Fannar freezes you.
You closely miss Fannar.
Fannar is heavily wounded.
You slice the ice beast!!
You melt the ice beast.
You kill the ice beast!
The ice beast disappears in a puff of smoke!
Fannar hits you but does no damage. Fannar freezes you!
You barely miss Fannar.
Fannar is heavily wounded.
You barely miss Fannar.
Fannar is heavily wounded.
Fannar hits you but does no damage. Fannar freezes you!
* * * LOW HITPOINT WARNING * * *
You hit Fannar but do no damage.
Fannar is heavily wounded.
A nearby plant withers and dies.
Fannar hits you but does no damage. Fannar freezes you.
* * * LOW HITPOINT WARNING * * *
You slash Fannar! You burn Fannar.
Fannar is severely wounded.
Fannar barely misses you.
You closely miss Fannar.
Fannar is severely wounded.
Fannar hits you but does no damage. Fannar freezes you!
* * * LOW HITPOINT WARNING * * *
You barely miss Fannar.
Fannar is severely wounded.
Fannar hits you but does no damage. Fannar freezes you!
You die...

#P........
#.. ##....
###.......
...##.....
#.......
.........#
##......
P........#
####...
#.......###
##...
#.........#
#.#..
##....§.e..#
####.
#......@§..##
#.#.
#......(....#
##...
...........##
##....
...........#
#####.....
....##.....##
#.##......
#...........#
##........
#........#.##
##........
##.......###
#.........
...........#
#.........


You could see Fannar.

Vanquished Creatures
  A two-headed ogre (D:8)
  3 black mambas (Lair:1)
  2 cane toads (Lair:1)
  A komodo dragon (Lair:1)
  A hornet (D:8)
  12 blink frogs
  12 yaks
  A wyvern (D:8)
  A basilisk (Lair:1)
  Eustachio (D:5)
  Menkaure (D:5)
  5 water moccasins
  An ice beast (D:5)
  2 ogres
  4 black bears
  A centaur (D:6)
  3 phantoms
  A kobold brigand (D:7)
  9 bullfrogs
  A gnoll sergeant (D:8)
  5 scorpions
  5 wights (D:7)
  5 killer bees (D:8)
  A howler monkey (D:7)
  An orc priest (D:8)
  A gnoll bouda (D:5)
  4 hounds
  2 jellies (D:6)
  2 sleepcaps
  Jessica (D:2)
  Terence (D:2)
  2 iguanas (D:6)
  3 orc wizards
  5 adders
  4 gnolls (D:5)
  2 shadow imps
  3 white imps
  2 worms
  2 dart slugs
  21 orcs
  2 bat zombies (D:3)
  4 endoplasms
  7 giant cockroaches
  A goblin (D:3)
  11 hobgoblins
  7 jackals
  11 kobolds
  2 quokkas
  7 ball pythons
  3 bats
  4 frilled lizards
  A frilled lizard zombie (D:3)
  3 rats (D:1)
198 creatures vanquished.

Notes
Turn   | Place    | Note
-------+----------+-------------------------------------------
     0 | D:1      | raph the Hill Orc Fighter began the quest for the Orb.
     0 | D:1      | Reached XP level 1. HP: 19/19 MP: 1/1
   175 | D:1      | Reached skill level 3 in Axes
   239 | D:1      | Reached XP level 2. HP: 26/26 MP: 2/2
   414 | D:1      | Reached skill level 4 in Axes
   778 | D:1      | You fall into a shaft and drop 1 floor!
   824 | D:2      | Noticed Jessica
   840 | D:2      | Killed Jessica
   841 | D:2      | Reached skill level 5 in Axes
   841 | D:2      | Reached XP level 3. HP: 26/31 MP: 3/3
   985 | D:2      | Noticed Terence
   998 | D:2      | Killed Terence
   999 | D:2      | Reached XP level 4. HP: 36/39 MP: 4/4
  1407 | D:2      | Reached skill level 6 in Axes
  2589 | D:3      | Found an ancient bone altar of Kikubaaqudgha.
  2669 | D:3      | Reached XP level 5. HP: 45/45 MP: 0/5
  3209 | D:4      | Reached skill level 7 in Axes
  3455 | D:4      | Found a staircase to the Ecumenical Temple.
  3462 | Temple   | Entered the Ecumenical Temple
  3471 | Temple   | Became a worshipper of Qazlal Stormbringer
  3740 | D:4      | Reached skill level 8 in Axes
  3740 | D:4      | Reached XP level 6. HP: 39/51 MP: 0/6
  4139 | D:4      | Found a blossoming altar of Fedhas.
  4379 | D:5      | Entered Level 5 of the Dungeon
  4396 | D:5      | Reached skill level 9 in Axes
  4435 | D:5      | Noticed an ice beast
  4443 | D:5      | Killed an ice beast
  4444 | D:5      | Reached XP level 7. HP: 57/57 MP: 2/7
  4448 | D:5      | Reached skill level 10 in Axes
  4568 | D:5      | Identified the +1 robe of Tenacity {rN+ Stlth+}
  4615 | D:5      | Noticed Eustachio
  4657 | D:5      | Killed Eustachio
  4658 | D:5      | Reached skill level 11 in Axes
  4783 | D:5      | Noticed Menkaure
  4791 | D:5      | Reached XP level 8. HP: 50/66 MP: 1/8
  4793 | D:5      | Killed Menkaure
  4793 | D:5      | Reached * piety under Qazlal
  4794 | D:5      | Reached skill level 1 in Invocations
  5014 | D:5      | Reached skill level 1 in Throwing
  5272 | D:6      | Reached skill level 1 in Dodging
  5275 | D:6      | Noticed a yak
  5285 | D:6      | Killed a yak
  5463 | D:6      | Found an iron altar of Okawaru.
  5614 | D:6      | Reached skill level 5 in Fighting
  5817 | D:6      | Reached skill level 12 in Axes
  5817 | D:6      | Reached XP level 9. HP: 62/74 MP: 9/11
  5963 | D:7      | Reached skill level 5 in Armour
  6425 | D:7      | Found a runed translucent door.
  6426 | D:7      | Noticed bmj180's ghost (novice HuCj)
  6473 | D:7      | Found a snail-covered altar of Cheibriados.
  6477 | D:7      | Reached ** piety under Qazlal
  6920 | D:8      | Reached skill level 5 in Invocations
  6941 | D:8      | Found a staircase to the Lair.
  6950 | D:8      | Reached XP level 10. HP: 57/84 MP: 0/14
  7210 | D:8      | Identified the +2 whip of Brawling {pain, Str+3 Int+5}
  7496 | D:8      | Noticed a two-headed ogre
  7520 | D:8      | Killed a two-headed ogre
  7521 | D:8      | Reached skill level 13 in Axes
  7762 | D:8      | Found Mutheite's Weapon Boutique.
  8192 | Lair:1   | Entered Level 1 of the Lair of Beasts
  8672 | Lair:1   | Noticed a cane toad
  8682 | Lair:1   | Killed a cane toad
  8683 | Lair:1   | Reached skill level 14 in Axes
  8683 | Lair:1   | Reached XP level 11. HP: 64/92 MP: 9/16
  8685 | Lair:1   | Reached skill level 5 in Throwing
  9463 | Lair:1   | Reached skill level 5 in Dodging
  9657 | Lair:1   | Noticed Fannar
  9675 | Lair:1   | Slain by Fannar

Illustrated notes

Levels and vault maps discovered:
D:1:      lightli_arrival_lavapool, layout_loops_ring
D:2:      minmay_diamond_boxcup, layout_loops_ring, kennysheep_generic_room_16,
          uniq_terence, uniq_jessica
D:3:      layout_basic, lemuel_zombie_altar_kikubaaqudgha
D:4:      layout_basic, fedhas_altar_decomposition,
          minmay_temple_entry_gardened_gates, minmay_diced_spiral
D:5:      layout_cave_pools, uniq_eustachio, uniq_menkaure
D:6:      layout_rooms, minmay_ruined_shrine
D:7:      layout_loops_ring, slow_altar_1, ebering_ghost_reflecting_pool
D:8:      layout_cave_pods, due_lair_maze_entry_diamond, serial_shops, shop,
          minivault_19, minmay_checkerbox
Temple:   eino_temple_lava
Lair:1:   layout_hall_layers, serial_rivers, chequers_serial_rivers_large_b,
          chequers_serial_rivers_micro_a, chequers_serial_rivers_micro_e,
          chequers_serial_rivers_micro_b, chequers_serial_rivers_small_a,
          chequers_serial_rivers_micro_d, uniq_fannar, uniq_urug

Skill      XL: |  1  2  3  4  5  6  7  8  9 10 11 |
---------------+----------------------------------+-----
Axes           | 3 5 6 8 9 11 12 14 | 14.9
Fighting       | 5 6 7 8 |  8.5
Invocations    | 3 5 6 8 |  8.0
Throwing       | 2 3 4 5 |  5.7
Dodging        | 2 3 4 5 |  5.0
Armour         | 4 5 6 7 |  7.6
Shields        | |  3.2

Action                     |  1- 3 |  4- 6 |  7- 9 | 10-12 || total
---------------------------+-------+-------+-------+-------++-------
  Melee: War axe           |    58 |   160 |   179 |       ||   397
         Battleaxe         |       |       |    30 |   170 ||   200
  Throw: Dart              |     6 |     9 |     5 |     9 ||    29
         Boomerang         |       |       |     3 |     4 ||     7
 Invoke: Upheaval          |       |       |       |    10 ||    10
    Use: Scroll            |       |    10 |     3 |     6 ||    19
         Potion            |       |       |     1 |     1 ||     2
 Armour: Scale mail        |    27 |   114 |   112 |       ||   253
         Plate armour      |       |       |    59 |   225 ||   284
         Chain mail        |       |       |    17 |       ||    17
  Dodge: Dodged            |    27 |    74 |    83 |    58 ||   242
  Block: Buckler           |    17 |    30 |    57 |       ||   104
         Other             |       |       |     2 |    20 ||    22

Table legend: (Time is in decaauts)
 A = Elapsed time spent in this place.
 B = Non-inter-level travel time spent in this place.
 C = Inter-level travel time spent in this place.
 D = Time resting spent in this place.
 E = Time spent auto-exploring this place.
 F = Levels seen in this place.
 G = Mean time per level.
                   A        B        C        D        E       F      G
               +--------+--------+--------+--------+--------+-----+--------+
         Total |   9722 |   9321 |    401 |   1858 |   5948 |  10 |  972.2 |
       Dungeon |   8589 |   8188 |    401 |   1678 |   5197 |   8 | 1073.6 |
        Temple |     18 |     18 |      0 |      0 |      0 |   1 |   18.0 |
          Lair |   1114 |   1114 |      0 |    180 |    751 |   1 | 1114.0 |
               +--------+--------+--------+--------+--------+-----+--------+

Top non-repeatable levels by time:
     D:8: 1709 daAuts
     D:4: 1298 daAuts
     D:2: 1204 daAuts
  Lair:1: 1114 daAuts
     D:1: 957 daAuts
     D:3: 949 daAuts
     D:7: 938 daAuts
     D:5: 806 daAuts
     D:6: 725 daAuts
  Temple: 18 daAuts
